 Seeded DCSS version 0.28.0-62-gf88900778d (webtiles) character file.

Game seed: 3519976305067557419 (custom seed)

115 cbfl8 the Chopper (level 5, -1/41 (46) HPs)
             Began as a Hill Orc Fighter on Sept 6, 2023.
             Slain by a gnoll
             ... wielding a +0 club
              (3 damage)
             ... on level 2 of the Dungeon.
             The game lasted 00:02:48 (2214 turns).

cbfl8 the Chopper (Hill Orc Fighter)                Turns: 2214, Time: 00:02:49

HP:   -1/41 (46)    AC:  8    Str: 19    XL:     5   Next: 0%
MP:   5/5           EV:  9    Int:  8    God:
Gold: 54            SH:  4    Dex: 12    Spells: 4/4 levels left

rFire   . . .      SeeInvis .   a - +0 war axe
rCold   . . .      Faith    .   c - +0 buckler
rNeg    . . .      Spirit   .   b - +0 scale mail
rPois   .          Reflect  .   (no helmet)
rElec   .          Harm     .   l - +0 cloak
rCorr   .          Rampage  .   (no gloves)
Will    .....                   (no boots)
Stlth   ..........              (no amulet)
HPRegen 0.13/turn               (no ring)
MPRegen 0.09/turn               (no ring)

@: about to teleport, heavily drained
A: no striking features
a: no special abilities


You were on level 2 of the Dungeon.
You visited 1 branch of the dungeon, and saw 3 of its levels.

You collected 54 gold pieces.

Inventory:

Hand Weapons
 a - a +0 war axe (weapon)
Armour
 b - a +0 scale mail (worn)
 c - a +0 buckler (worn)
 l - a +0 cloak (worn)
Scrolls
 e - a scroll of identify {unknown}
 h - a scroll of torment {unknown}
 i - a scroll of amnesia {unknown}
Potions
 d - 2 potions of might
 f - 2 potions of curing
 j - a potion of heal wounds {unknown}
 k - a potion of brilliance {unknown}


   Skills:
 + Level 4.1 Fighting
 + Level 4.3 Axes
 + Level 4.0 Armour
 + Level 3.8 Shields
 * Level 1.6 Evocations


You had 4 spell levels left.
You didn't know any spells.
Your spell library contained the following spells:

 Spells                   Type           Power      Damage    Failure   Level
 Animate Skeleton         Necr           0%         N/A       86%         1
 Apportation              Tloc           0%         N/A       86%         1
 Summon Small Mammal      Summ           0%         N/A       86%         1
 Ensorcelled Hibernation  Hex/Ice        0%         N/A       94%         2
 Spider Form              Tmut/Pois      0%         N/A       99%         3
 Anguish                  Hex/Necr       0%         N/A       100%        4


Dungeon Overview and Level Annotations

Branches:
Dungeon (3/15)

Altars:
Kikubaaqudgha
Nemelex Xobeh
Zin

Shops:
D:1 [

Annotations:
D:3 Pargi


Message History

The gnoll shouts! x2
A gnoll comes into view.
It is wielding a +1 whip of electrocution.
Pargi the Meek comes into view.
The gnoll moves out of view.
Found a scroll labelled YSAUBI JEATHROA and a moonstone ring.
An orc comes into view.
It is wielding a +2 whip of electrocution.
Found 6 gold pieces.
The orc shouts!
There is a shaft here.
The orc falls through a shaft!
The shaft crumbles and collapses.
There is a stone staircase leading up, spattered with blood here.
The gnoll barely misses you. The gnoll hits you with a +0 club!
The gnoll closely misses you.
You climb upwards.
There is a stone staircase leading down here.
You hit the gnoll.
The gnoll is lightly wounded.
You completely miss the gnoll. The gnoll closely misses you. x2
Unknown command.
You slash the gnoll!
The gnoll is almost dead.
You hit the gnoll but do no damage. You hit the ogre.
The gnoll hits you with a +0 club.
The ogre hits you with a +0 giant club!!
The gnoll hits you but does no damage. x2
Unknown command.
You are too injured to fight recklessly!
Okay, then.
As you read the scroll labelled IZONLE FIERCH, it crumbles to dust.
You feel strangely unstable.
It was a scroll of teleportation.
The gnoll hits you with a +0 whip.
* * * LOW HITPOINT WARNING * * *
The ogre hits you with a +0 giant club.
* * * LOW HITPOINT WARNING * * *
The gnoll hits you but does no damage.
You feel better. You block the gnoll's attack.
The ogre hits you with a +0 giant club!
* * * LOW HITPOINT WARNING * * *
The gnoll hits you with a +0 club.
You die...

##.#.....#....# ##..≈.....≈....#
#.#≈.≈...≈.≈#..# .#..≈.≈.≈.≈..#.#
..... .#...≈.≈.≈...#.# .....
.#...≈≈.≈≈...#.# .....
.#...≈≈_≈≈...#^# ###.....
.#..≈.≈≈≈)≈..#.#######.# #(......
#.#≈≈≈≈.≈≈≈≈#.##@g.....# #.......
##.#..≈.≈).#.##gO####### #÷....O.
##.#.≈.≈.#...>.## ##.#.....
##.##.##..#############.<#.....
#####.....#.######......<..#[###.
.........##.##.....####.#.## #.
###########....##### #....# #.
............#### ##..### #.
###########O# ####.[.# #.


You could see an ogre and 2 gnolls.

Vanquished Creatures
  A hound (D:1)
  A gnoll (D:1)
  3 adders
  2 worms (D:3)
  A dart slug (D:1)
  2 orcs (D:3)
  3 ball pythons (D:1)
  4 endoplasms
  A giant cockroach (D:1)
  4 goblins
  6 hobgoblins
  4 kobolds
  A quokka (D:3)
  2 bats
  A frilled lizard (D:3)
  5 rats
41 creatures vanquished.

Vanquished Creatures (others)
  A plant (D:3)
1 creature vanquished.

Grand Total: 42 creatures vanquished

Notes
Turn   | Place    | Note
-------+----------+-------------------------------------------
     0 | D:1      | cbfl8 the Hill Orc Fighter began the quest for the Orb.
     0 | D:1      | Reached XP level 1. HP: 19/19 MP: 1/1
   141 | D:1      | Reached XP level 2. HP: 27/27 MP: 2/2
   363 | D:1      | Found Xeuzxoro's Antique Armour Shop.
   621 | D:1      | Reached XP level 3. HP: 17/33 MP: 3/3
   798 | D:1      | Reached skill level 1 in Evocations
   977 | D:1      | Found an ancient bone altar of Kikubaaqudgha.
  1147 | D:2      | Noticed an ogre
  1223 | D:2      | Identified the +1 leather armour "Qoinye" {rPois}
  1308 | D:1      | Reached XP level 4. HP: 31/40 MP: 4/4
  1478 | D:2      | Found a faded altar of an unknown god.
  1586 | D:3      | Found a glowing silver altar of Zin.
  2109 | D:3      | Found a sparkling altar of Nemelex Xobeh.
  2115 | D:3      | Reached XP level 5. HP: 35/41 MP: 5/5
  2170 | D:3      | Noticed Pargi
  2214 | D:2      | HP: 2/41 [ogre/+0 giant club (15)]
  2214 | D:2      | Slain by a gnoll

Illustrated notes

Levels and vault maps discovered:
D:1:      dpeg_arrival_lava_altar, layout_loops_ring, serial_shops,
          nicolae_shop_statue_plus, chequers_serial_rivers_large_a,
          minivault_24, chequers_jeans, minmay_door_square, minmay_cut_off
D:2:      layout_rooms, shapermc_ecumenical_altar_starsandcircs
D:3:      kennysheep_the_goblin_king, layout_loops_ring,
          mainiacjoe_overflow_surrounded_room, mainiacjoe_overflow_paths,
          mainiacjoe_overflow_divided_tiny, lemuel_doored_altar,
          chequers_serial_rivers_room_b, dk_noncrumbling_3,
          guppyfry_early_lair_pool, uniq_pargi, uniq_terence

Skill      XL: |  1  2  3  4 |
---------------+-------------+-----
Axes           | 3 4 |  4.3
Evocations     | 1 |  1.6
Fighting       | 4 |  4.1
Armour         | 4 |  4.0
Shields        | |  3.8

Action                   |  1- 3 |  4- 6 || total
-------------------------+-------+-------++-------
Melee: War axe           |    74 |    65 ||   139
  Use: Potion            |     1 |     1 ||     2
       Scroll            |       |     1 ||     1
Armor: Scale mail        |    40 |    33 ||    73
Dodge: Dodged            |    47 |    40 ||    87
Block: Buckler           |    23 |    21 ||    44
